 Dungeon Crawl Stone Soup version 0.29-a0-214-g17f627cfee (webtiles) character file.

Game seed: 10900790540781372035

61 testman the Grave Robber (level 3, -4/27 HPs)
             Began as a Demonspawn Necromancer on Feb 24, 2022.
             Was a Follower of Okawaru.
             Killed from afar by an orc wizard (8 damage)
             ... with a puff of flame
             ... on level 3 of the Dungeon.
             The game lasted 00:11:18 (2638 turns).

testman the Grave Robber (Demonspawn Necromancer)   Turns: 2638, Time: 00:11:19

Health: -4/27      AC:  3    Str:  8    XL:     3   Next: 83%
Magic:  1/7        EV: 11    Int: 20    God:    Okawaru [*.....]
Gold:   75         SH:  0    Dex: 13    Spells: 2/7 levels left

rFire   . . .      SeeInvis .   d - +0 dagger
rCold   . . .      Faith    .   (no shield)
rNeg    . . .      Spirit   .   k - +0 leather armour
rPois   .          Reflect  .   (no helmet)
rElec   .          Harm     .   (no cloak)
rCorr   .          Rampage  .   (no gloves)
Will    .....                   (no boots)
Stlth   +.........              (no amulet)
HPRegen 0.09/turn               (no ring)
MPRegen 0.10/turn               (no ring)

@: confused
A: foul stench 1, big brain 1
a: Renounce Religion, Heroism


You were on level 3 of the Dungeon.
You worshipped Okawaru.
Okawaru was aware of your devotion.
You visited 1 branch of the dungeon, and saw 3 of its levels.

You collected 75 gold pieces.

Inventory:

Hand Weapons
 d - a +0 dagger (weapon)
 i - a +0 hunting sling
Missiles
 g - a throwing net
 m - 81 stones
 p - 5 poisoned darts
Armour
 a - a +0 robe
 k - a +0 leather armour (worn)
Scrolls
 b - a scroll of immolation {unknown}
 e - 2 scrolls of magic mapping {unknown}
 h - 2 scrolls of teleportation {unknown}
 j - a scroll of enchant armour {unknown}
 l - a scroll of torment {unknown}
 n - 6 scrolls of identify {unknown}
 o - a scroll of fear {unknown}
 r - a scroll of vulnerability {unknown}
Potions
 c - a potion of heal wounds {unknown}
 f - 4 potions of curing {unknown}
 q - 2 potions of berserk rage {unknown}


   Skills:
 + Level 1.9 Fighting
 - Level 1.7 Dodging
 - Level 1.7 Stealth
 + Level 2.7 Spellcasting
 + Level 5.0 Necromancy


You had 2 spell levels left.
You knew the following spells:

 Your Spells              Type           Power      Damage    Failure   Level
a - Pain                  Necr           88%        1d8       2%          1
b - Animate Skeleton      Necr           44%        N/A       2%          1
c - Vampiric Draining     Necr           22%        2d7       9%          3

Your spell library contained the following spells:

 Spells                   Type           Power      Damage    Failure   Level
 Gell's Gravitas          Tloc           2%         N/A       54%         3
 Lesser Beckoning         Tloc           2%         N/A       54%         3
 Teleport Other           Tloc           2%         N/A       54%         3
 Agony                    Necr           22%        N/A       58%         5
 Animate Dead             Necr           Unusable   N/A       N/A         4

Dungeon Overview and Level Annotations

Branches:
Dungeon (3/15)

Altars:
Okawaru

Shops:
D:1 :


Innate Abilities, Weirdness & Mutations

You may rarely emit foul miasma when damaged in melee.
You have an unusually large brain. (Int +2)


Message History

The orc is heavily wounded.
The orc misses you.
You hit the orc. You punch the orc, but do no damage.
The orc is severely wounded.
The orc barely misses you.
You hit the orc but do no damage.
The orc is severely wounded.
The orc misses you.
You hit the orc.
The orc is almost dead.
You barely miss the orc.
The orc is almost dead.
The orc hits you with a +0 dagger.
* * * LOW HITPOINT WARNING * * *
You closely miss the orc.
The orc is almost dead.
The orc completely misses you.
You hit the orc.
You kill the orc!
Okawaru accepts your kill.
A magic dart appears from out of thin air!
The magic dart hits you.
* * * LOW HITPOINT WARNING * * *
Something barely misses you.
Things that are here:
a +0 dagger; a +0 chain mail You miss something.
You hear some strange, mumbled words.
You are confused.
You bump into the rock wall.
You feel like a meek peon again.
You hear some strange, mumbled words.
A puff of flame appears from out of thin air!
The puff of flame misses you.
You bump into the rock wall.
Something hits you but does no damage.
You barely miss something.
You hear some strange, mumbled words.
A puff of flame appears from out of thin air!
The puff of flame hits you!
You die...

#..##.o.....
#....#####
#...........
#)##.#####..
#.##.#
#o##.#
#o##.#
#{##..
#@###. #.#
#.# #.# #.#
#.# #.# #..
###


You could see 2 orcs.

Vanquished Creatures
  3 adders (D:2)
  A dart slug (D:1)
  2 orcs (D:3)
  2 ball pythons
  2 endoplasms
  3 giant cockroaches (D:1)
  3 goblins
  2 hobgoblins
  6 bats
  2 frilled lizards
  A kobold (D:3)
  4 rats
31 creatures vanquished.

Notes
Turn   | Place    | Note
-------+----------+-------------------------------------------
     0 | D:1      | testman the Demonspawn Necromancer began the quest for the
                  | Orb.
     0 | D:1      | Reached XP level 1. HP: 13/13 MP: 3/3
     2 | D:1      | Learned a level 1 spell: Animate Skeleton
    27 | D:1      | Found Ketsium's Book Emporium.
   264 | D:1      | Found a faded altar of an unknown god.
   589 | D:1      | Prayed at the altar of an unknown god.
   589 | D:1      | Became a worshipper of Warmaster Okawaru
   589 | D:1      | Reached * piety under Okawaru
   802 | D:1      | Gained mutation: You may rarely emit foul miasma when
                  | damaged in melee. [demonic ancestry]
   802 | D:1      | Reached XP level 2. HP: 19/20 MP: 3/5
  1196 | D:1      | Reached skill level 1 in Fighting
  1821 | D:2      | Gained mutation: You have an unusually large brain. (Int
                  | +2) [demonic ancestry]
  1821 | D:2      | Reached XP level 3. HP: 25/26 MP: 2/6
  2555 | D:3      | Learned a level 3 spell: Vampiric Draining
  2608 | D:3      | Reached skill level 5 in Necromancy
  2638 | D:3      | Killed from afar by an orc wizard

Illustrated notes

Levels and vault maps discovered:
D:1:      grunt_arrival_crossed_arrows, layout_loops_cross, serial_shops,
          nicolae_shop_statue_plus, hellmonk_ecumenical_altar_crossroads
D:2:      layout_loops_cross, small_statue_intersection
D:3:      layout_loops_ring, mainiacjoe_overflow_24_doors,
          yredelemnul_altar_generic, minmay_close_crescents

Skill      XL: |  1  2  3 |
---------------+----------+-----
Fighting       | 1 |  1.9
Necromancy     | 5 |  5.0
Dodging        | |  1.7
Stealth        | |  1.7
Spellcasting   | |  2.7

Action                   || total
-------------------------++-------
Melee: Dagger            ||   103
       Unarmed           ||     6
       Punch             ||     2
 Cast: Pain              ||    32
       Vampiric Draining ||     2
Invok: Heroism           ||     1
 Stab: Sleeping          ||     4
Armor: Robe              ||    16
       Leather armour    ||    23
Dodge: Dodged            ||    66

Table legend: (Time is in decaauts)
 A = Elapsed time spent in this place.
 B = Non-inter-level travel time spent in this place.
 C = Inter-level travel time spent in this place.
 D = Time resting spent in this place.
 E = Time spent auto-exploring this place.
 F = Levels seen in this place.
 G = Mean time per level.
                   A        B        C        D        E       F      G
               +--------+--------+--------+--------+--------+-----+--------+
         Total |   2634 |   2514 |    120 |    812 |   1398 |   3 |  878.0 |
       Dungeon |   2634 |   2514 |    120 |    812 |   1398 |   3 |  878.0 |
               +--------+--------+--------+--------+--------+-----+--------+

Top non-repeatable levels by time:
     D:1: 1601 daAuts
     D:2: 917 daAuts
     D:3: 115 daAuts
